 Dungeon Crawl Stone Soup version 0.19.4-8-ga85b6b9 (console) character file.

93 Grinner the Ruffian (level 4, -4/35 HPs)
             Began as a Minotaur Transmuter on Feb 8, 2017.
             Slain by Natasha (8 damage)
             ... on level 2 of the Dungeon.
             The game lasted 00:03:23 (1218 turns).

Grinner the Ruffian (Minotaur Transmuter)           Turns: 1218, Time: 00:03:24

Health: -4/35      AC:  2    Str: 15    XL:     4   Next: 36%
Magic:  4/5        EV: 12    Int: 11    God:
Gold:   66         SH:  0    Dex: 10    Spells: 1 memorised, 4 levels left

rFire  . . .     SeeInvis .       - Unarmed
rCold  . . .     Gourm    .     b - +0 robe
rNeg   . . .     Faith    .     (no shield)
rPois  .         Spirit   .     (helmet restricted)
rElec  .         Reflect  .     (no cloak)
rCorr  .         Harm     .     (no gloves)
MR     .....                    (boots currently unavailable)
Stlth  +++.......               (no amulet)
                                j - ring of stealth
                                e - ring of stealth

@: appendage (expiring)
A: retaliatory headbutt, horns 2, talons 3
a: End Transformation


You were on level 2 of the Dungeon.
You were not hungry.
You had grown temporary talons.
You visited 1 branch of the dungeon, and saw 2 of its levels.

You collected 66 gold pieces.

Inventory:

Missiles
 a - 12 arrows
Armour
 b - a +0 robe (worn)
Jewellery
 e - a ring of stealth (left hand)
 j - a ring of stealth (right hand)
Scrolls
 f - 2 scrolls of noise {unknown}
 l - a scroll of remove curse {unknown}
 m - a scroll of teleportation {unknown}
Potions
 h - a potion of lignification {unknown}
 k - a potion of experience {unknown}
Books
 c - a book of Changes

   Spells                             Type                      Level
   a - Beastly Appendage              Transmutation                1
   b - Sticks to Snakes               Transmutation                2
   c - Spider Form                    Transmutation/Poison         3
   d - Ice Form                       Ice/Transmutation            4
   e - Blade Hands                    Transmutation                5
Comestibles
 d - 3 bread rations
 g - a beef jerky
 i - a slice of pizza


   Skills:
 - Level 1.2 Fighting
 + Level 3.0 Dodging
 * Level 4.7 Unarmed Combat
 - Level 1.3 Spellcasting
 + Level 2.3 Transmutations


You had 4 spell levels left.
You knew the following spells:

 Your Spells              Type           Power        Failure   Level  Hunger
z - Beastly Appendage     Tmut           #.....       14%         1    ##.....


Dungeon Overview and Level Annotations

Branches:
Dungeon (2/15)

Altars:
The Shining One

Annotations:
D:2 Natasha


Innate Abilities, Weirdness & Mutations

You reflexively headbutt those who attack you in melee.
You have a pair of horns on your head.
You have claws for feet.


Message History

Natasha is severely wounded.
Your transformation is almost over.
Natasha claws you.
You hit Natasha.
Natasha is almost dead.
Natasha claws you!
You barely miss Natasha. You claw Natasha, but do no damage.
Natasha is almost dead.
Natasha stares at you and mumbles some strange words.
The magic dart hits you!
* * * LOW HITPOINT WARNING * * *
You are too injured to fight recklessly!
You closely miss Natasha. Your kick misses Natasha.
Natasha is almost dead.
Natasha claws you.
* * * LOW HITPOINT WARNING * * *
You barely miss Natasha.
Natasha is almost dead.
Natasha claws you!
You die...

########..# #..#
#####..#
#......#
#.####.# #.#
###.### #.#...#
###### #@##.#
.....#
#h........
####.#
....##.#### #.#
...#.## # #.####
##.### ####....#
#.
......#.####.###
#####...........
# ############


You could see Natasha.

Vanquished Creatures
  Natasha (twice) (D:2)
  A worm (D:2)
  A dart slug (D:1)
  A leopard gecko (D:1)
  3 bats (D:1)
  3 giant cockroaches
  7 goblins
  6 hobgoblins
  2 jackals (D:1)
  5 kobolds
  A frilled lizard (D:2)
  3 rats (D:1)
35 creatures vanquished.

Notes
Turn   | Place    | Note
-------+----------+-------------------------------------------
     0 | D:1      | Grinner the Minotaur Transmuter began the quest for the Orb.
     0 | D:1      | Reached XP level 1. HP: 16/16 MP: 1/1
   126 | D:1      | Reached XP level 2. HP: 23/23 MP: 3/3
   347 | D:1      | Reached skill level 4 in Unarmed Combat
   507 | D:1      | Reached XP level 3. HP: 28/28 MP: 4/4
   934 | D:2      | Found a glowing golden altar of the Shining One.
   982 | D:2      | Found a faded altar of an unknown god.
  1064 | D:2      | Noticed Natasha
  1071 | D:2      | Killed Natasha
  1097 | D:2      | Reached XP level 4. HP: 30/35 MP: 5/5
  1103 | D:2      | Noticed Natasha
  1110 | D:2      | Killed Natasha
  1208 | D:2      | Noticed Natasha
  1218 | D:2      | Slain by Natasha

Skill      XL: |  1  2  3  4 |
---------------+-------------+-----
Unarmed Combat | 4 |  4.7
Transmutations | 2 |  2.3
Dodging        | 3 |  3.0
Fighting       | |  1.2
Spellcasting   | |  1.3

Action                   |  1- 3 |  4- 6 || total
-------------------------+-------+-------++-------
Melee: Unarmed           |    96 |    14 ||   110
       Headbutt          |     9 |     1 ||    10
       Punch             |     1 |       ||     1
       Kick              |       |     2 ||     2
 Cast: Beastly Appendage |     2 |     2 ||     4
 Stab: Distracted        |     1 |       ||     1
       Sleeping          |     2 |       ||     2
  Eat: Chunk             |     1 |       ||     1
Armor: Robe              |    13 |     1 ||    14
Dodge: Dodged            |    62 |     4 ||    66
